 Dungeon Crawl Stone Soup version 0.30.0-29-ga12c61a403 (webtiles) character file.

Game seed: 12697058447715583603

4759 ChadusMaximus the Convoker (level 10, -5/63 HPs)
             Began as a Barachi Summoner on June 24, 2023.
             Was an Initiate of Hepliaklqana.
             Slain by Erica
             ... wielding a +2 scimitar of flaming
              (8 damage)
             ... on level 8 of the Dungeon.
             The game lasted 00:11:43 (8229 turns).

ChadusMaximus the Convoker (Barachi Summoner)       Turns: 8229, Time: 00:11:44

Health: -5/63      AC:  3    Str:  9    XL:     10   Next: 46%
Magic:  15/23      EV: 13    Int: 20    God:    Hepliaklqana [......]
Gold:   315        SH:  5    Dex: 19    Spells: 14/27 levels left

rFire   . . .        f - +2 sling (drain)
rCold   . . .        (no shield)
rNeg    . . .        a - +0 robe
rPois   +            C - +0 hat
rElec   .            p - +0 cloak
rCorr   .            (no gloves)
SInv    .            (no boots)
Will    .....        H - amulet of reflection
Stlth   ++           F - +6 ring of dexterity
HPRegen 0.30/turn    n - ring of poison resistance
MPRegen 0.18/turn

%: reflection
@: unable to hop, studying Air Magic, slow
A: amphibious, slowness 1, strong legs 1, +LOS
a: Hop, Renounce Religion


You were on level 8 of the Dungeon.
You worshipped Hepliaklqana.
Hepliaklqana was noncommittal.
You visited 2 branches of the dungeon, and saw 9 of its levels.
You also visited: Sewer.

You collected 337 gold pieces.
You spent 22 gold pieces at shops.

Inventory:

Hand Weapons
 c - a +0 dagger
 f - a +2 sling of draining (weapon)
Missiles
 y - 2 throwing nets
Armour
 a - a +0 robe (worn)
 p - a +0 cloak (worn)
 C - a +0 hat (worn)
Jewellery
 n - a ring of poison resistance (right hand)
 v - an amulet of the acrobat
 F - a +6 ring of dexterity (left hand)
 H - an amulet of reflection (around neck)
Wands
 u - a wand of polymorph (16)
 E - a wand of charming (15)
 K - a wand of roots (8)
Scrolls
 d - 2 scrolls of vulnerability {unknown}
 e - 2 scrolls of fog
 k - 3 scrolls of amnesia
 m - a scroll of brand weapon
 q - a scroll of acquirement {unknown}
 r - 2 scrolls of poison {unknown}
 s - 3 scrolls of enchant weapon {unknown}
 t - 2 scrolls of teleportation {unknown}
 x - 3 scrolls of immolation {unknown}
 G - a scroll of fear {unknown}
 I - a scroll of identify
 J - a scroll of silence {unknown}
Potions
 b - 2 potions of magic
 g - a potion of attraction {unknown}
 h - 2 potions of brilliance {unknown}
 i - a potion of cancellation {unknown}
 j - 4 potions of curing
 l - a potion of berserk rage {unknown}
 o - 4 potions of might
 w - 2 potions of ambrosia {unknown}
 z - a potion of resistance {unknown}
 A - 5 potions of haste
 B - 2 potions of lignification {unknown}
 D - a potion of mutation {unknown}


   Skills:
 - Level 2.4 Dodging
 - Level 2.0 Stealth
 + Level 9.0 Spellcasting
 * Level 15.1 Summonings


You had 14 spell levels left.
You knew the following spells:

 Your Spells              Type           Power      Damage    Failure   Level
a - Summon Small Mammal   Summ           100%       N/A       0%          1
b - Call Canine Familiar  Summ           62%        N/A       1%          3
c - Call Imp              Summ           100%       N/A       1%          2
d - Summon Lightning Spi  Summ/Air       39%        N/A       3%          4
e - Summon Guardian Gole  Hex/Summ       39%        N/A       1%          3

Your spell library contained the following spells:

 Spells                   Type           Power      Damage    Failure   Level
 Slow                     Hex            36%        N/A       8%          1
 Confusing Touch          Hex            9%         N/A       22%         3
 Vampiric Draining        Necr           9%         2d6       22%         3
 Storm Form               Tmut/Air       4%         N/A       100%        7
 Maxwell's Capacitive Co  Air            4%         ∞         100%        8


Dungeon Overview and Level Annotations

Branches:
Dungeon (8/15)             Temple (1/1) D:7           Sewer (visited)
   Lair: D:8-11

Altars:
Hepliaklqana
Qazlal
Sif Muna
Uskayaw
Zin
The Shining One

Shops:
D:6 ?

Annotations:
D:8 Erica


Innate Abilities, Weirdness & Mutations

You are amphibious.
You cover ground slowly.
You can hop short distances.
You have an extended range of vision and can be seen from far away.


Message History

You hear some strange, mumbled words.
A bolt of poison appears from out of thin air!
The bolt of poison hits you! You resist.
Your warg barely misses something.
Casting: Summon Small Mammal (safe; 0% risk of failure)
Confirm with . or Enter, or press ? or * to list all spells.
Your warg closely misses something.
Something hits your quokka. Something burns your quokka.
Your quokka dies!
Your quokka's corpse disappears in a puff of smoke!
Your warg bites something.
Something hits you! Something burns you.
Your warg bites something!
You hear some strange, mumbled words.
A lance of force appears from out of thin air!
The lance of force hits you!
You are knocked back by the lance of force.
You slam into the rock wall!
* * * LOW HITPOINT WARNING * * *
Your warg barely misses something.
Hop to where?
Press: ? - help, Dir - move target Boing!
Something hits your cerulean imp! Something burns your cerulean imp.
Your cerulean imp dies!
Your cerulean imp disappears in a puff of smoke!
Your warg closely misses something.
You hear some strange, mumbled words.
A bolt of poison appears from out of thin air!
The bolt of poison hits your quokka!!
Your quokka dies!
Your quokka's corpse disappears in a puff of smoke!
The bolt of poison hits you.
You are lethally poisoned!
You resist.
* * * LOW HITPOINT WARNING * * *
It was a potion of curing.
You feel better.
You shoot a sling bullet. Something hits you.
* * * LOW HITPOINT WARNING * * *
Something burns you.
* * * LOW HITPOINT WARNING * * *
Your warg bites something.
Something hits you!
You die...

##.......... #...........
######### ####....8<.....
#.......###.##§{h........
#...###..................
#...#######.##...........
##........#h###..........
#........{..............
####.....@..####.#.#.###
## #........####.......
#.. #........##......###
###.. ##.....#.........#..
<.....#.........#......#.#
......#........##........#
........................#
................#......#
................#......###


You could see a friendly warg (summoned).

Vanquished Creatures
  A boulder beetle (D:7)
  A water moccasin (D:7)
  A black bear (D:6)
  An ogre (D:4)
  A centaur (D:8)
  A bullfrog (D:6)
  2 scorpions
  A jelly (D:4)
  5 hounds
  Crazy Yiuf (D:2)
  An orc priest (D:8)
  Ijyb (D:3)
  Jessica (D:3)
  2 iguanas
  Natasha (thrice) (D:2)
  3 gnolls (D:4)
  A river rat (Sewer)
  10 adders
  2 shadow imps
  4 worms
  A dart slug (D:3)
  7 orcs
  6 bats
  4 endoplasms
  5 goblins
  11 hobgoblins
  A quokka (D:1)
  14 ball pythons
  4 frilled lizards
  19 kobolds
  22 rats
137 creatures vanquished.

Vanquished Creatures (collateral kills)
  A cyclops (D:7)
  Joseph (D:8)
  A hornet (D:7)
  A vampire (D:6)
  A water moccasin (D:7)
  A sky beast (D:7)
  3 ice beasts
  A black bear (D:5)
  2 orc warriors (D:7)
  An ogre (D:5)
  A centaur (D:7)
  2 phantoms
  2 kobold brigands
  2 bullfrogs
  2 scorpions (D:5)
  A gnoll sergeant (D:5)
  3 wights (D:7)
  A hound (D:7)
  A jelly (D:3)
  An iguana (D:5)
  2 orc wizards
  A mummy (D:5)
  6 gnolls
  2 adders (D:3)
  A river rat (Sewer)
  2 shadow imps (D:7)
  An ufetubus (D:5)
  8 orcs
  A goblin (D:1)
  2 hobgoblins
  10 kobolds
  A quokka (D:3)
  3 ball pythons (D:3)
  A kobold zombie (D:5)
  3 orc zombies (D:5)
73 creatures vanquished.

Grand Total: 210 creatures vanquished

Notes
Turn   | Place    | Note
-------+----------+-------------------------------------------
     0 | D:1      | ChadusMaximus the Barachi Summoner began the quest for the
                  | Orb.
     0 | D:1      | Reached XP level 1. HP: 13/13 MP: 3/3
   175 | D:1      | Reached XP level 2. HP: 14/19 MP: 5/5
   325 | D:1      | Reached skill level 5 in Summonings
   334 | D:1      | Found a faded altar of an unknown god.
   789 | D:1      | Reached XP level 3. HP: 24/24 MP: 6/6
   812 | D:1      | Learned a level 3 spell: Call Canine Familiar
   815 | D:1      | Learned a level 2 spell: Call Imp
  1061 | D:2      | Noticed Natasha
  1064 | D:2      | Killed Natasha
  1065 | D:2      | Reached skill level 6 in Summonings
  1065 | D:2      | Reached XP level 4. HP: 30/30 MP: 8/8
  1093 | D:2      | Found a glowing golden altar of the Shining One.
  1120 | D:2      | Noticed Natasha
  1132 | D:2      | Killed Natasha
  1252 | D:2      | Found a runed translucent door.
  1253 | D:2      | Noticed Crazy Yiuf
  1291 | D:2      | Noticed Natasha
  1302 | D:2      | Killed Natasha
  1303 | D:2      | Reached XP level 5. HP: 21/35 MP: 8/10
  1565 | D:2      | Killed Crazy Yiuf
  1937 | D:3      | Reached skill level 7 in Summonings
  2032 | D:3      | Noticed Jessica
  2034 | D:3      | Noticed Ijyb
  2035 | D:3      | Killed Jessica
  2036 | D:3      | Reached XP level 6. HP: 41/41 MP: 11/11
  2049 | D:3      | Killed Ijyb
  2540 | D:4      | Reached skill level 8 in Summonings
  2550 | D:4      | Reached XP level 7. HP: 36/46 MP: 13/13
  3086 | D:5      | Entered Level 5 of the Dungeon
  3101 | D:5      | Reached skill level 5 in Spellcasting
  3101 | D:5      | Reached skill level 9 in Summonings
  3334 | D:5      | Reached XP level 8. HP: 29/52 MP: 12/16
  3543 | D:5      | Reached skill level 10 in Summonings
  3999 | D:5      | Reached skill level 11 in Summonings
  4415 | D:6      | Learned a level 4 spell: Summon Lightning Spire
  4419 | D:6      | Learned a level 3 spell: Summon Guardian Golem
  4576 | D:6      | Found Kyepyxill's Magic Scroll Shop.
  4590 | D:6      | Bought a scroll of identify for 22 gold pieces
  4665 | D:6      | Found a glowing drain.
  4691 | Sewer    | Entered a sewer
  4901 | Sewer    | Reached XP level 9. HP: 22/57 MP: 16/19
  5662 | D:6      | Reached skill level 12 in Summonings
  6522 | D:7      | Noticed a hornet
  6887 | D:7      | Killed a hornet
  6888 | D:7      | Reached skill level 13 in Summonings
  6977 | D:7      | Noticed a boulder beetle
  7003 | D:7      | Killed a boulder beetle
  7004 | D:7      | Reached skill level 14 in Summonings
  7004 | D:7      | Reached XP level 10. HP: 63/63 MP: 15/22
  7266 | D:7      | Found a staircase to the Ecumenical Temple.
  7337 | D:7      | Noticed a cyclops
  7358 | D:7      | Killed a cyclops
  7647 | Temple   | Entered the Ecumenical Temple
  7787 | Temple   | Became a worshipper of Hepliaklqana the Forgotten
  8040 | D:8      | Noticed Joseph
  8057 | D:8      | Killed Joseph
  8058 | D:8      | Reached skill level 15 in Summonings
  8213 | D:8      | Noticed Erica
  8229 | D:8      | HP: 3/63 [something (2)]
  8229 | D:8      | Slain by Erica

Illustrated notes

Levels and vault maps discovered:
D:1:      dpeg_arrival_rooms_with_view, layout_loops_ring,
          dreamdust_ecumenical_altar_angels_and_demons
D:2:      layout_rooms, serial_forest, infiniplex_forest_lined_3_way,
          infiniplex_forest_lined_3, infiniplex_forest_clump_small,
          infiniplex_forest_straight_2, infiniplex_forest_clump_small,
          basic_altar, uniq_crazy_yiuf_cottage, uniq_natasha
D:3:      layout_basic, minmay_quadrilaterals, uniq_ijyb, uniq_jessica
D:4:      layout_cave_pools, kennysheep_generic_room_3
D:5:      layout_loops_corners, minmay_mini_ossuary
D:6:      nicolae_cairo_tiling_large, layout_basic,
          cheibrodos_sewer_entry_drain, serial_glass, glass_columns_c,
          glass_columns_a, serial_shops, shop
D:7:      layout_rooms, minmay_temple_entry_junction, minmay_manual_monolith
D:8:      layout_rooms, grunt_temple_overflow_bloody_war, lair_entry_dummy,
          serial_shops, nicolae_shop_just_a_little_nook,
          kennysheep_big_empty_room, minmay_misc_feat_diagonals, uniq_joseph,
          uniq_grum, uniq_erica
Temple:   mainiacjoe_temple_big_plus

Skill      XL: |  1  2  3  4  5  6  7  8  9 10 |
---------------+-------------------------------+-----
Stealth        | 2 |  2.0
Summonings     | 5 6 7 8 9 11 14 15 | 15.1
Spellcasting   | 3 4 5 6 8 9 |  9.0
Dodging        | |  2.4

Action                     |  1- 3 |  4- 6 |  7- 9 | 10-12 || total
---------------------------+-------+-------+-------+-------++-------
  Melee: Dagger            |    28 |       |       |       ||    28
         Unarmed           |     8 |     7 |       |       ||    15
         Punch             |     1 |       |       |       ||     1
         Sling             |       |       |     1 |       ||     1
   Fire: Sling             |    44 |   117 |   328 |    58 ||   547
   Cast: Summon Small Mamm |     5 |     1 |     5 |     5 ||    16
         Call Canine Famil |       |     5 |    18 |     7 ||    30
         Call Imp          |       |     4 |    11 |     5 ||    20
         Summon Lightning  |       |       |     4 |     6 ||    10
Ability: Hop               |       |     1 |     4 |     1 ||     6
    Use: Potion            |       |       |     3 |     1 ||     4
         Scroll            |       |       |     7 |       ||     7
 Armour: Robe              |    18 |    13 |    33 |     2 ||    66
  Dodge: Dodged            |    28 |    60 |   138 |    22 ||   248
  Block: Other             |       |       |       |    12 ||    12
         Reflection        |       |       |       |     2 ||     2
